 Dungeon Sprint DCSS version 0.23-a0-378-gd7a6ca6 (webtiles) character file.

43716 Kidiri the Peltast (level 13, -6/133 HPs)
             Began as a Minotaur Fighter on Oct 27, 2018.
             Was an Elder of Okawaru.
             Killed from afar by a crystal guardian (28 damage)
             ... with a crystal bolt
             ... in the Dungeon (Sprint III: "The Ten Rune Challenge").
             The game lasted 00:31:41 (6905 turns).

Kidiri the Peltast (Minotaur Fighter)               Turns: 6905, Time: 00:31:42

Health: -6/133     AC: 22    Str: 24    XL:     13   Next: 22%
Magic:  12/19      EV: 16    Int:  5    God:    Okawaru [****..]
Gold:   4762       SH: 17    Dex: 12    Spells: 12/12 levels left

rFire    . . .     SeeInvis .   a - +1 long sword (holy)
rCold    . . .     Gourm    .   c - +0 shield
rNeg     . . .     Faith    .   h - +0 plate armour
rPois    +         Spirit   .   z - +2 hat
rElec    .         Reflect  .   (no cloak)
rCorr    .         Harm     .   (no gloves)
MR       .....     NoTele   +   (no boots)
Stlth    ..........             (no amulet)
HPRegen  0.32/turn              (no ring)
MPRegen  0.16/turn              (no ring)

@: heroism, finesse
A: retaliatory headbutt, horns 2, poison resistance, evolution 1, subdued magic
1
}: 1/10 runes: decaying
a: Heroism, Renounce Religion


You were in the Dungeon.
You worshipped Okawaru.
Okawaru was greatly pleased with you.
You were not hungry.

You visited 1 branch You collected 5243 gold pieces.
You spent 481 gold pieces at shops.

Inventory:

Hand Weapons
 a - a +1 long sword of holy wrath (weapon)
 s - the +10 rapier "Seinn" {antimagic, +Fly MR+ Int+2 Stlth+}
   (You took it off a deep elf high priest in the Dungeon)

   It reduces the magical energy of the wielder, and disrupts the spells and
   magical abilities of those hit.
   Natural abilities and divine invocations are not affected.
   It affects your intelligence (+2).
   It affects your resistance to hostile enchantments.
   It lets you fly.
   It makes you more stealthy.
Missiles
 e - 6 tomahawks of returning (quivered)
 u - 7 javelins
 x - 4 poisoned javelins
 y - 4 javelins of returning
Armour
 b - a +0 scale mail
 c - a +0 shield (worn)
 h - a +0 plate armour (worn)
 r - +0 ice dragon scales
 z - a +2 hat (worn)
Wands
 l - a wand of flame (19)
Scrolls
 k - a scroll of blinking
 m - 2 scrolls of immolation
 n - 3 scrolls of remove curse
 o - a scroll of identify
 A - a scroll of fog
Potions
 d - a potion of might
 g - a potion of berserk rage
 i - 2 potions of magic
 j - 4 potions of lignification
 p - 3 potions of flight
 q - 6 potions of mutation
 v - 3 potions of curing
 w - a potion of invisibility
Comestibles
 f - 7 rations


   Skills:
 * Level 17.6(22.6) Fighting
 * Level 17.4(22.4) Long Blades
 + Level 8.3(13.3) Throwing
 * Level 17.5(22.5) Armour
 + Level 12.0(17.0) Dodging
 * Level 17.6(22.6) Shields
 + Level 10.1 Invocations
 + Level 8.7 Evocations


You had 12 spell levels left.
You didn't know any spells.
Your spell library contained the following spells:

 Spells                   Type           Power        Failure   Level  Hunger
 Confusing Touch          Hex            #.....       92%         1    ##.....
 Confuse                  Hex            #.......     100%        3    ####...
 Gell's Gravitas          Tloc           #.........   100%        3    ####...
 Petrify                  Tmut/Erth      #.......     100%        4    #####..
 Metabolic Englaciation   Hex/Ice        #.........   100%        5    ######.
 Yara's Violent Unravell  Hex/Tmut       #.........   100%        5    ######.


Dungeon Overview and Level Annotations

Branches:
Dungeon (1/1)

Altars:
Cheibriados
Dithmenos
Elyvilon
Fedhas
Gozag
Hepliaklqana
Kikubaaqudgha
Makhleb
Nemelex Xobeh
Okawaru
Qazlal
Ru
Sif Muna
Trog
Uskayaw
Vehumet
Wu Jian
Xom
Yredelemnul
Zin
The Shining One
Beogh
Jiyva
Lugonu

Shops:
D !:((=?%=[(:?!%(}

Annotations:
D exclusion: 3 doors


Innate Abilities, Weirdness & Mutations

You reflexively headbutt those who attack you in melee.
You have a pair of horns on your head.
Your system is resistant to poisons. (rPois)
You evolve.
Your spells are a little easier to cast, but a little less powerful.


Message History

The crystal bolt freezes you!
A crystal guardian comes into view.
Unknown command.
You can now deal lightning-fast blows.
You can no longer speed up your combat.
Okawaru will no longer gift you equipment.
The crystal guardian fires a crystalline bolt at you.
The crystal bolt freezes you!
You gain the combat prowess of a mighty hero.
The crystal guardian completely misses you.
Unknown command.
The crystal guardian fires a crystalline bolt at you.
The crystal bolt burns you!
The crystal guardian fires a crystalline bolt at you.
The crystal bolt burns you!
The crystal guardian fires a crystalline bolt at you.
The crystal bolt burns you!
* * * LOW HITPOINT WARNING * * *
The crystal bolt burns you!
You die...

#.# ###$∩⌠⌠∩$# #.#
###§#$∩⌠⌠∩$# #.#
###..§#$∩∩∩∩$#
#.#+#...§§#$∩∩∩∩$#
#.#§....§§#$....$#
#§#...§§§§###''###
#.....§§§.#.⌠..⌠.#
#########.#......#
.#.#.#.#@.......#
...8..8.........#
......8.........#
##+##############


You could see 3 crystal guardians.

Vanquished Creatures
  Sigmund (D)
  Rupert (D)
  Gastronok (D)
  2 dire elephants (D)
  A deep elf high priest (D)
  Erolcha (D)
  3 ice dragons (D)
  4 death yaks (D)
  5 orc high priests (D)
  Urug (D)
  2 deep elf knights (D)
  An orange crystal statue (D)
  A lindwurm (D)
  4 deep elf magi (D)
  An orc knight (D)
  A crystal guardian (D)
  2 elephants (D)
  2 black mambas (D)
  2 spiny frogs (D)
  Edmund (D)
  A rime drake (D)
  A komodo dragon (D)
  2 tyrant leeches (D)
  A queen bee (D)
  8 blink frogs (D)
  3 wandering mushrooms (D)
  5 redbacks (D)
  A shadow (D)
  A spatial vortex (D)
  A hydra simulacrum (D)
  2 orc warriors (D)
  A swamp drake (D)
  A necrophage (D)
  5 two-headed ogres (D)
  A water elemental (D)
  A scorpion (D)
  32 killer bees (D)
  An electric eel (D)
  2 orc priests (D)
  A wizard (D)
  A jelly (D)
  4 orc wizards (D)
  Jessica (D)
  A necromancer (D)
  3 humans (D)
  A kobold demonologist (D)
  2 swamp drake simulacra (D)
  An ooze (D)
  8 orcs (D)
  2 rats (D)
  3 plants (D)
135 creatures vanquished.

Vanquished Creatures (others)
  2 draconian scorchers (D)
  3 hydras (D)
  6 hellions (D)
  2 yaktaurs (D)
  5 plants (D)
18 creatures vanquished.

Grand Total: 153 creatures vanquished

Notes
Turn   | Place    | Note
-------+----------+-------------------------------------------
     0 | D        | Kidiri the Minotaur Fighter began the quest for the Orb.
     0 | D        | Reached XP level 1. HP: 19/19 MP: 0/0
    11 | D        | Reached skill level 1 in Dodging
    20 | D        | Killed a yaktaur
    24 | D        | Noticed Jessica
    32 | D        | Killed Jessica
    32 | D        | Reached skill level 5 in Fighting
    32 | D        | Reached skill level 5 in Armour
    32 | D        | Reached skill level 5 in Shields
    32 | D        | Reached XP level 2. HP: 24/29 MP: 1/1
    32 | D        | Reached XP level 3. HP: 30/36 MP: 2/2
    92 | D        | Killed a hellion
    94 | D        | Killed a hellion
    95 | D        | Killed a hellion
    95 | D        | Killed a hellion
    95 | D        | Killed a hellion
   104 | D        | Noticed a scorpion
   109 | D        | Killed a scorpion
   109 | D        | Reached skill level 5 in Long Blades
   109 | D        | Reached XP level 4. HP: 41/44 MP: 3/3
   116 | D        | Killed a white draconian scorcher
   130 | D        | Gained mutation: Your spells are a little easier to cast,
                  | but a little less powerful. [potion of mutation]
   130 | D        | Gained mutation: Your system is resistant to poisons.
                  | (rPois) [potion of mutation]
   130 | D        | Gained mutation: Your spells are easier to cast, but less
                  | powerful. [potion of mutation]
   130 | D        | Gained mutation: You evolve. [potion of mutation]
   140 | D        | Noticed a water elemental
   149 | D        | Killed a water elemental
   149 | D        | Reached XP level 5. HP: 34/51 MP: 4/4
   160 | D        | Killed a white draconian scorcher
   163 | D        | Killed a hellion
   247 | D        | Found a hide-covered altar of Uskayaw.
   247 | D        | Found a roughly hewn altar of Beogh.
   247 | D        | Found an iron altar of Okawaru.
   247 | D        | Found a bloodstained altar of Trog.
   247 | D        | Found an ornate altar of the Wu Jian Council.
   247 | D        | Noticed a human
   247 | D        | Noticed a human
   283 | D        | Killed a human
   283 | D        | Reached XP level 6. HP: 50/61 MP: 5/5
   287 | D        | Killed a human
   287 | D        | Reached skill level 5 in Dodging
   314 | D        | Became a worshipper of Warmaster Okawaru
   342 | D        | Found a radiant altar of Vehumet.
   355 | D        | Found a deep blue altar of Sif Muna.
   355 | D        | Found an ancient bone altar of Kikubaaqudgha.
   466 | D        | Found a glowing silver altar of Zin.
   467 | D        | Found a glowing golden altar of the Shining One.
   467 | D        | Found a white marble altar of Elyvilon.
   467 | D        | Noticed a deep elf mage
   485 | D        | Killed a deep elf mage
   485 | D        | Reached * piety under Okawaru
   485 | D        | Reached skill level 10 in Fighting
   485 | D        | Reached skill level 10 in Armour
   485 | D        | Reached skill level 10 in Shields
   485 | D        | Reached XP level 7. HP: 48/72 MP: 5/7
   672 | D        | Found a basalt altar of Yredelemnul.
   672 | D        | Found a shadowy altar of Dithmenos.
   672 | D        | Found a sacrificial altar of Ru.
   681 | D        | Reached skill level 10 in Long Blades
   685 | D        | Reached XP level 8. HP: 80/80 MP: 7/9
   702 | D        | Reached ** piety under Okawaru
   713 | D        | Found a blossoming altar of Fedhas.
   713 | D        | Found a stormy altar of Qazlal.
   713 | D        | Found a snail-covered altar of Cheibriados.
   713 | D        | Found a burning altar of Makhleb.
   713 | D        | Found a shimmering altar of Xom.
   714 | D        | Found a hazy altar of Hepliaklqana.
   714 | D        | Found an opulent altar of Gozag.
   714 | D        | Found a sparkling altar of Nemelex Xobeh.
   714 | D        | Found a corrupted altar of Lugonu.
   714 | D        | Found a viscous altar of Jiyva.
   748 | D        | Reached skill level 1 in Evocations
   917 | D        | Noticed a two-headed ogre
   930 | D        | Killed a two-headed ogre
   947 | D        | Noticed a two-headed ogre
   947 | D        | Noticed Erolcha
   964 | D        | Killed Erolcha
   964 | D        | Reached *** piety under Okawaru
   964 | D        | Received a gift from Okawaru
   964 | D        | Reached XP level 9. HP: 52/90 MP: 9/11
   972 | D        | Killed a two-headed ogre
   972 | D        | Reached **** piety under Okawaru
   972 | D        | Reached skill level 5 in Invocations
  1315 | D        | Noticed a queen bee
  1337 | D        | Received a gift from Okawaru
  1343 | D        | Reached XP level 10. HP: 75/100 MP: 13/13
  1741 | D        | Reached skill level 1 in Throwing
  2001 | D        | Received a gift from Okawaru
  2063 | D        | Reached ***** piety under Okawaru
  2106 | D        | Lost mutation: Your spells are easier to cast, but less
                  | powerful. [evolution]
  2111 | D        | Noticed a spiny frog
  2111 | D        | Noticed a spiny frog
  2113 | D        | Killed a spiny frog
  2115 | D        | Killed a spiny frog
  2115 | D        | Received a gift from Okawaru
  2302 | D        | Reached skill level 5 in Evocations
  2318 | D        | Noticed a lindwurm
  2328 | D        | Killed a lindwurm
  2328 | D        | Received a gift from Okawaru
  2472 | D        | Noticed Urug
  2482 | D        | Killed Urug
  2482 | D        | Reached XP level 11. HP: 69/110 MP: 8/15
  2806 | D        | Noticed an orc high priest
  2806 | D        | Noticed an orc knight
  2827 | D        | Killed an orc knight
  2901 | D        | Killed an orc high priest
  3324 | D        | Found Nyskum's Antique Weapon Shoppe.
  3622 | D        | Noticed Rupert
  3653 | D        | Killed Rupert
  3653 | D        | Reached skill level 15 in Fighting
  3653 | D        | Reached skill level 5 in Throwing
  3653 | D        | Reached skill level 15 in Armour
  3653 | D        | Reached skill level 10 in Dodging
  3653 | D        | Reached skill level 15 in Shields
  3878 | D        | Noticed a death yak
  3878 | D        | Noticed a death yak
  3880 | D        | Noticed a death yak
  3880 | D        | Noticed a death yak
  3912 | D        | Killed a death yak
  3912 | D        | Reached skill level 15 in Long Blades
  3917 | D        | Killed a death yak
  3917 | D        | Received a gift from Okawaru
  3937 | D        | Killed a death yak
  3944 | D        | Killed a death yak
  3964 | D        | Reached XP level 12. HP: 57/122 MP: 13/17
  4186 | D        | Noticed an azure jelly
  4186 | D        | Noticed an azure jelly
  4210 | D        | Noticed an azure jelly
  4210 | D        | Noticed an azure jelly
  4247 | D        | Noticed an ice dragon
  4252 | D        | Killed an ice dragon
  4252 | D        | Received a gift from Okawaru
  4271 | D        | Found Duogg's Distillery.
  4271 | D        | Found Veipneqiri's Book Boutique.
  4271 | D        | Found Fyluil's Antique Weapon Emporium.
  4285 | D        | Noticed an ice dragon
  4296 | D        | Killed an ice dragon
  4403 | D        | Killed a six-headed hydra
  4438 | D        | Noticed an ice dragon
  4451 | D        | Killed an ice dragon
  4593 | D        | Bought a potion of berserk rage for 65 gold pieces
  4593 | D        | Bought a potion of lignification for 39 gold pieces
  4593 | D        | Bought a potion of heal wounds for 65 gold pieces
  4593 | D        | Bought a potion of curing for 39 gold pieces
  4593 | D        | Bought a potion of heal wounds for 65 gold pieces
  4593 | D        | Bought a potion of heal wounds for 65 gold pieces
  4593 | D        | Bought a potion of invisibility for 104 gold pieces
  4593 | D        | Bought a potion of curing for 39 gold pieces
  4619 | D        | Got a decaying rune of Zot
  4784 | D        | Noticed a dire elephant
  4784 | D        | Noticed a dire elephant
  4784 | D        | Noticed Gastronok
  4816 | D        | Killed a dire elephant
  4829 | D        | Killed a dire elephant
  4853 | D        | Killed Gastronok
  4853 | D        | Received a gift from Okawaru
  4960 | D        | Noticed a seven-headed hydra
  4960 | D        | Noticed a six-headed hydra
  5383 | D        | Killed a seven-headed hydra
  5578 | D        | Killed a 19-headed hydra
  5782 | D        | Noticed a deep elf annihilator
  5829 | D        | Identified the +10 rapier "Seinn" {antimagic, +Fly MR+
                  | Int+2 Stlth+}
  5829 | D        | Identified the +1 leather armour of the Villain {Int+2
                  | Dex+4}
  5829 | D        | Noticed a deep elf high priest
  5850 | D        | Killed a deep elf high priest
  6139 | D        | Noticed a deep elf annihilator
  6337 | D        | Noticed Sigmund
  6337 | D        | Noticed Edmund
  6351 | D        | Killed Sigmund
  6351 | D        | Reached XP level 13. HP: 112/133 MP: 12/19
  6364 | D        | Killed Edmund
  6446 | D        | Reached skill level 10 in Invocations
  6472 | D        | Received a gift from Okawaru
  6722 | D        | Found Cuera's Antique Weapon Emporium.
  6722 | D        | Found Viereoq's Magic Scroll Shop.
  6722 | D        | Found Togohyre's Gadget Shoppe.
  6722 | D        | Found Ryrex's Antique Armour Boutique.
  6722 | D        | Found Zydyasay's Book Emporium.
  6722 | D        | Found Otif Neo's Antique Weapon Shop.
  6722 | D        | Found Leleh's Food Emporium.
  6722 | D        | Found Rewyog's Distillery.
  6723 | D        | Found Cylachuts's Jewellery Boutique.
  6723 | D        | Found Jeob's Food Shoppe.
  6723 | D        | Found Zeypatae's Magic Scroll Shop.
  6723 | D        | Found Xetseyc's Jewellery Emporium.
  6905 | D        | Killed from afar by a crystal guardian

Vault maps used:
D:        dungeon_sprint_mu

Skill      XL: |  1  2  3  4  5  6  7  8  9 10 11 12 13 |
---------------+----------------------------------------+-----
Fighting       | 5 6 8 10 12 14 15 17 | 17.6
Long Blades    | 4 5 6 7 9 10 11 12 13 15 17 | 17.4
Armour         | 5 6 8 10 11 12 14 15 17 | 17.5
Shields        | 5 6 8 10 11 12 14 15 17 | 17.6
Dodging        | 1 2 3 4 6 7 8 9 10 11 12 | 12.0
Invocations    | 2 4 5 7 8 9 10 | 10.1
Evocations     | 2 3 5 6 8 |  8.7
Throwing       | 3 6 8 |  8.3

Action                   |  1- 3 |  4- 6 |  7- 9 | 10-12 | 13-15 || total
-------------------------+-------+-------+-------+-------+-------++-------
Melee: Long sword        |    28 |    48 |   131 |   513 |    74 ||   794
       Headbutt          |     6 |    10 |    36 |   140 |    25 ||   217
Throw: Javelin           |       |       |       |    38 |       ||    38
       Throwing net      |       |       |       |     2 |       ||     2
       Tomahawk          |       |       |       |    10 |     1 ||    11
Invok: Heroism           |       |       |     6 |    22 |     3 ||    31
       Finesse           |       |       |       |    13 |     3 ||    16
Evoke: Wand              |       |       |       |     1 |       ||     1
  Use: Potion            |       |     3 |       |     7 |       ||    10
       Scroll            |       |     1 |       |     1 |       ||     2
 Stab: Held in net/web   |       |       |       |     3 |       ||     3
       Confused          |       |       |       |     1 |       ||     1
  Eat: Chunk             |       |       |     1 |     3 |     1 ||     5
       Ration            |       |       |     1 |     3 |     1 ||     5
Armor: Scale mail        |     9 |     7 |    15 |    23 |       ||    54
       Plate armour      |       |       |       |    75 |     6 ||    81
       Ice dragon scales |       |       |       |     5 |       ||     5
Dodge: Dodged            |     8 |    14 |    54 |   131 |    11 ||   218
Block: Shield            |     9 |    11 |    81 |   238 |    24 ||   363
       Rpst.: Long sword |     2 |     4 |    16 |    23 |     2 ||    47

Table legend:
 A = Non-vault XP
 B = Vault XP
 C = Vault XP percentage of total XP
 D = Non-vault monster count
 E = Vault monster count
 F = Vault count percentage of total count
                 A         B        C        D         E       F
            +---------+---------+-------+---------+---------+-------
      Total |       0 |   43881 | 100.0 |       0 |     132 | 100.0
            +---------+---------+-------+---------+---------+-------
          D |       0 |   43881 | 100.0 |       0 |     132 | 100.0
            +---------+---------+-------+---------+---------+-------
